 Dungeon Crawl Stone Soup version 0.25.1-2-g60ff931df9 (webtiles) character file.

Game seed: 1649459214195075500

7947 KyoPewz the Fighter (level 11, 0/99 HPs)
             Began as a Red Draconian Transmuter on Sept 24, 2020.
             Was an Elder of Okawaru.
             Slain by a spectral orc knight
             ... wielding a +3 halberd of venom
             ... summoned by Nergalle
              (2 damage)
             ... on level 10 of the Dungeon.
             The game lasted 02:00:58 (14429 turns).

KyoPewz the Fighter (Red Draconian Transmuter)     Turns: 14429, Time: 02:00:59

Health: 0/99       AC: 10    Str: 15    XL:     11   Next: 3%
Magic:  13/17      EV: 17    Int: 14    God:    Okawaru [****..]
Gold:   1294       SH:  0    Dex: 12    Spells: 3/18 levels left

rFire    + . .     SeeInvis .     - Unarmed
rCold    + . .     Gourm    .   (shield currently unavailable)
rNeg     . . .     Faith    .   (armour unavailable)
rPois    .         Spirit   .   (helmet restricted)
rElec    .         Reflect  .   r - +2 cloak
rCorr    .         Harm     .   (gloves currently unavailable)
MR       .....                  (no boots)
Stlth    +.........             (no amulet)
HPRegen  0.26/turn              v - +4 ring of evasion
MPRegen  0.15/turn              o - ring of protection from cold

@: lethally poisoned (0 -> -3), blade hands, studying 2 skills, drained
A: breathe fire, unfitting armour, fire resistance 1, cold-blooded, AC +7
a: Breathe Fire, End Transformation, Heroism, Renounce Religion


You were on level 10 of the Dungeon.
You worshipped Okawaru.
Okawaru was greatly pleased with you.
You were very hungry.
You had blades for hands.
You visited 2 branches of the dungeon, and saw 11 of its levels.
You also visited: Bailey.

You collected 1585 gold pieces.
You spent 291 gold pieces at shops.

Inventory:

Hand Weapons
 a - a +4 spear of flaming
   (You took it off a gnoll sergeant on level 7 of the Dungeon)
 b - a +5 hunting sling (melded)
   (You found it on level 2 of the Dungeon)
 C - a +3 hunting sling of flaming
   (You found it on level 5 of the Dungeon)
 F - a +0 trident of venom
   (You found it on level 6 of the Dungeon)
 K - a +1 dagger of speed
   (You took it off Jessica on level 3 of the Dungeon)
Missiles
 f - 182 stones (quivered)
 i - 120 arrows
 q - a throwing net {!f}
 y - 75 sling bullets
 B - 30 poisoned darts
Armour
 d - a +0 pair of gloves (melded)
   (You found it on level 8 of the Dungeon)
 r - a +2 cloak (worn)
   (You found it on level 4 of the Dungeon)
 I - a +0 kite shield
   (You took it off a gnoll sergeant on level 6 of the Dungeon)
Jewellery
 k - an uncursed ring of wizardry
   (You found it on level 7 of the Dungeon)
 o - a ring of protection from cold (right scythe-like blade)
   (You found it on level 4 of the Dungeon)
 t - a +4 ring of evasion
   (You found it on level 8 of the Dungeon)
 v - a +4 ring of evasion (left scythe-like blade)
   (You took it off a hobgoblin on level 3 of the Dungeon)
Wands
 u - a wand of paralysis (9)
   (You found it on level 4 of the Dungeon)
 x - a wand of acid (2)
   (You took it off Maurice on level 9 of the Dungeon)
Scrolls
 c - 2 scrolls of teleportation {@r4}
 j - 4 scrolls of enchant armour
 l - a scroll of acquirement
 n - 3 scrolls of amnesia
 w - a scroll of blinking
 z - a scroll of remove curse {@r2}
 E - 4 scrolls of fog
 J - 2 scrolls of enchant weapon
 L - 2 scrolls of identify {@r1}
Potions
 g - 2 potions of curing {@q1}
 h - 3 potions of brilliance
 m - 4 potions of lignification {!q}
 p - a potion of might
 s - 2 potions of stabbing
 A - a potion of heal wounds {@q2}
 G - a potion of flight
 H - a potion of haste {@q3}
Books
 M - a manual of Fighting {!d}
   (You found it in a bailey)
 N - a manual of Shields {!d}
   (You found it in a bailey)
Comestibles
 e - 19 rations {!d}


   Skills:
 + Level 10.1(9.2) Fighting
 * Level 3.8(3.0) Dodging
 + Level 3.1(2.3) Shields
 - Level 10.0(9.0) Unarmed Combat
 - Level 4.0(3.1) Spellcasting
 + Level 9.4(8.5) Transmutations
 - Level 3.0(2.2) Ice Magic
 - Level 2.0(1.2) Poison Magic


You had 3 spell levels left.
You knew the following spells:

 Your Spells              Type           Power        Failure   Level  Hunger
a - Beastly Appendage     Tmut           ####..       13%         1    #......
b - Blade Hands           Tmut           ####......   61%         5    ######.
c - Ice Form              Ice/Tmut       ###.....     67%         4    #####..
s - Sticks to Snakes      Tmut           ####....     16%         2    ##.....
x - Spider Form           Tmut/Pois      ###.......   43%         3    ###....

Your spell library contained the following spells:

 Spells                   Type           Power        Failure   Level  Hunger


Dungeon Overview and Level Annotations

Branches:
Dungeon (10/15)            Temple (1/1) D:6          Bailey (visited)
   Lair: D:8-11         Orc: D:9-12

Altars:
Cheibriados
Dithmenos
Elyvilon
Fedhas
Gozag
Hepliaklqana
Kikubaaqudgha
Makhleb
Nemelex Xobeh
Okawaru
Qazlal
Ru
Sif Muna
Trog
Uskayaw
Vehumet
Wu Jian
Xom
Yredelemnul
The Shining One
Beogh

Shops:
D:4 *   D:7 ?*==(   D:8 %

Portals:
Abyss: D:7

Annotations:
D:5 2x Book of Changes vault as Transmuter... OK
D:7 2 transporters, Almogavar's ghost, novice CeHu
D:8 3 runed translucent doors, HawFromDerth's ghost, novice DEIE
D:9 exclusion: downstairs
D:10 Nergalle; Sonja


Innate Abilities, Weirdness & Mutations

You can breathe blasts of fire.
Your fiery red scales are hard. (AC +7)
You cannot fit into any form of body armour.
Your flesh is heat resistant. (rF+)
You are cold-blooded and may be slowed by cold attacks.


Message History

You are feeling very hungry.
Nergalle points at you and mumbles some strange words.
Orcish apparitions take form around you.
You hit Nergalle. Nergalle closely misses you.
You hit Nergalle.
The spectral orc knight hits you from afar with a +3 halberd of venom.
You feel drained.
You are poisoned.
Nergalle hits you but does no damage.
You are electrocuted!
You hit Nergalle.
You feel sick.
The spectral orc warrior completely misses you.
The spectral orc knight completely misses you.
The spectral orc knight hits you from afar with a +3 halberd of venom.
You feel drained.
Nergalle gestures at you while chanting.
Orcish apparitions take form around you.
The spectral orc warrior misses you.
The spectral orc knight hits you from afar with a +3 halberd of venom!
You are more poisoned.
You feel sick.
The spectral orc warrior hits you but does no damage.
You feel sick.
Nergalle points at you and mumbles some strange words.
Orcish apparitions take form around you.
The spectral orc warrior hits you from afar with a +0 vampiric glaive.
You feel sick. The spectral orc closely misses you.
You feel sick.
Nergalle points at you and mumbles some strange words.
Orcish apparitions take form around you.
The spectral orc misses you.
You feel sick.
The spectral orc warlord hits you with a +1 halberd of protection!
You slash the spectral orc warlord!
The spectral orc warrior completely misses you.
The spectral orc warrior hits you but does no damage.
You hit the spectral orc warlord but do no damage.
You feel sick.
The spectral orc warrior hits you but does no damage.
The spectral orc knight hits you but does no damage.
The spectral orc warrior hits you with a +2 battleaxe of electrocution!
* * * LOW HITPOINT WARNING * * *
You are electrocuted!!
* * * LOW HITPOINT WARNING * * *
The spectral orc warlord hits you with a +1 halberd of protection!
* * * LOW HITPOINT WARNING * * *
The spectral orc knight hits you from afar with a +3 halberd of venom.
* * * LOW HITPOINT WARNING * * *
You feel drained.
You die...

........# .........#
...# ..........# ...#
..........# ...#
..........######...#
#.................#
#.................###.
#...........Z.........
#..........ZZ@Z.......
#...........Z.........
#..........ZoZ...#####
##..........Z.....#
..................#
......>...........<.
#........(...........
#....................
#..........(.......##


You could see Nergalle, a spectral orc (summoned), 4 spectral orc warriors, 2
spectral orc knights and a spectral orc warlord (summoned).

Vanquished Creatures
  A two-headed ogre (D:8)
  Pikel (D:7)
  An orc knight (Bailey)
  Maurice (D:9)
  2 hippogriffs
  Prince Ribbit (D:7)
  Sigmund (D:6)
  2 yaks (D:9)
  2 hogs (D:9)
  2 hungry ghosts
  A human (D:9)
  Grum (D:9)
  Menkaure (D:7)
  A water moccasin (D:7)
  A sky beast (D:6)
  2 ice beasts
  11 orc warriors
  A necrophage (D:8)
  2 ogres (D:8)
  4 centaurs
  2 wolves (D:9)
  2 bullfrogs
  2 gnoll sergeants
  A water moccasin zombie (D:7)
  A wyvern skeleton (D:8)
  A scorpion (D:6)
  4 howler monkeys
  5 crimson imps
  2 centaur zombies
  4 hounds
  2 jellies (D:9)
  7 orc priests
  A bullfrog skeleton (D:9)
  7 orc wizards
  Ijyb (D:4)
  An iguana (D:5)
  Jessica (D:3)
  6 worker ants
  A worker ant zombie (D:6)
  3 gnolls (D:7)
  12 adders
  A shadow imp (D:9)
  4 oozes
  3 adder skeletons
  A worm (D:2)
  4 dart slugs
  8 leopard geckos
  62 orcs
  3 ball pythons
  A bat (D:3)
  3 giant cockroaches
  7 goblins
  7 hobgoblins
  6 jackals
  6 kobolds
  3 quokkas
  3 frilled lizards
  2 quokka skeletons
  8 rats
237 creatures vanquished.

Vanquished Creatures (collateral kills)
  An iguana (D:7)
1 creature vanquished.

Vanquished Creatures (others)
  2 slaves (D:7)
  A howler monkey (D:4)
  A worm (D:4)
4 creatures vanquished.

Grand Total: 242 creatures vanquished

Notes
Turn   | Place    | Note
-------+----------+-------------------------------------------
     0 | D:1      | KyoPewz the Draconian Transmuter began the quest for the
                  | Orb.
     0 | D:1      | Reached XP level 1. HP: 16/16 MP: 3/3
   210 | D:1      | Reached XP level 2. HP: 23/23 MP: 3/5
   537 | D:1      | Learned a level 2 spell: Sticks to Snakes
  1233 | D:1      | Reached XP level 3. HP: 29/29 MP: 4/6
  2033 | D:2      | Learned a level 3 spell: Spider Form
  2116 | D:2      | Reached XP level 4. HP: 34/36 MP: 7/7
  2932 | D:3      | Noticed Jessica
  2972 | D:3      | Killed Jessica
  3062 | D:4      | Noticed a phantom
  3260 | D:4      | Reached XP level 5. HP: 42/42 MP: 8/8
  3276 | D:4      | Noticed Ijyb
  3345 | D:4      | You fall into a shaft and drop 3 floors!
  3348 | D:7      | Found Sual's Assorted Antiques.
  3354 | D:7      | Bought a metallic orange potion for 28 gold pieces
  3354 | D:7      | Bought an amethyst potion for 28 gold pieces
  3354 | D:7      | Bought a viscous cyan potion for 28 gold pieces
  3354 | D:7      | Bought a scroll labeled NOEGAURGHUM for 32 gold pieces
  3359 | D:7      | Found Ukott's Magic Scroll Boutique.
  3464 | D:7      | Found a basalt altar of Yredelemnul.
  3611 | D:7      | Found Woilias's Weapon Shop.
  3672 | D:7      | Noticed Menkaure
  3744 | D:6      | Noticed a centaur
  3744 | D:6      | Noticed Sigmund
  3744 | D:6      | Noticed a sky beast
  3902 | D:6      | Reached XP level 6. HP: 43/51 MP: 8/10
  3997 | D:7      | Found Vuilueg's Jewellery Shop.
  4090 | D:5      | Entered Level 5 of the Dungeon
  4187 | D:4      | Killed Ijyb
  4530 | D:4      | Reached skill level 5 in Unarmed Combat
  4754 | D:4      | Found Viynt's General Store.
  4775 | D:4      | Bought a scroll of identify for 26 gold pieces
  5151 | D:5      | Your scales start taking on a fiery red colour.
  5151 | D:5      | Reached XP level 7. HP: 45/58 MP: 11/11
  5151 | D:5      | Gained mutation: Your flesh is heat resistant. (rF+) [Red
                  | Draconian growth]
  5380 | D:5      | Found a sacrificial altar of Ru.
  5548 | D:5      | Reached skill level 1 in Poison Magic
  6072 | D:5      | Learned a level 4 spell: Ice Form
  6106 | D:5      | Found a blossoming altar of Fedhas.
  6106 | D:5      | Found a glowing golden altar of the Shining One.
  6176 | D:5      | Found a faded altar of an unknown god.
  6176 | D:5      | Found a shadowy altar of Dithmenos.
  6476 | D:5      | Found a shimmering altar of Xom.
  6478 | D:5      | Found a radiant altar of Vehumet.
  6479 | D:5      | Found an opulent altar of Gozag.
  6971 | D:6      | Reached XP level 8. HP: 35/67 MP: 12/12
  7304 | D:6      | Killed Sigmund
  7304 | D:6      | Reached skill level 5 in Fighting
  7304 | D:6      | Reached skill level 5 in Transmutations
  7444 | D:6      | Found a staircase to the Ecumenical Temple.
  7453 | Temple   | Entered the Ecumenical Temple
  7479 | Temple   | Became a worshipper of Warmaster Okawaru
  8261 | D:7      | Noticed Pikel
  8299 | D:7      | Killed Pikel
  8299 | D:7      | Reached * piety under Okawaru
  8485 | D:7      | Found a burning altar of Makhleb.
  8559 | D:7      | Found a transporter.
  8571 | D:7      | Found a one-way gate to the infinite horrors of the Abyss.
  8572 | D:7      | Noticed Almogavar's ghost (novice CeHu)
  8572 | D:7      | Noticed a rust devil
  8580 | D:7      | Noticed a white ugly thing
  8589 | D:7      | Found a transporter.
  8607 | D:7      | Noticed Prince Ribbit
  8618 | D:7      | Killed Prince Ribbit
  8618 | D:7      | Reached XP level 9. HP: 75/78 MP: 9/13
  8625 | D:7      | Reached skill level 1 in Ice Magic
  8876 | D:7      | Killed Menkaure
  8883 | D:7      | Reached ** piety under Okawaru
  9199 | D:7      | Found Fuuzogy's Jewellery Shoppe.
  9234 | D:7      | Bought a scroll of blinking for 97 gold pieces
  9234 | D:7      | Bought a scroll of identify for 26 gold pieces
  9234 | D:7      | Bought a scroll of identify for 26 gold pieces
  9662 | D:8      | Noticed a two-headed ogre
  9702 | D:8      | Killed a two-headed ogre
  9702 | D:8      | Reached skill level 10 in Unarmed Combat
  9725 | D:8      | Found a flagged portal.
  9734 | Bailey   | Entered a bailey
 10390 | Bailey   | Reached *** piety under Okawaru
 10390 | Bailey   | Reached XP level 10. HP: 61/86 MP: 13/16
 10608 | Bailey   | Noticed an orc knight
 10785 | Bailey   | Killed an orc knight
 11059 | D:8      | Learned a level 5 spell: Blade Hands
 11096 | D:8      | Found Ginadin's Food Shop.
 11555 | D:8      | Found a runed translucent gate.
 11555 | D:8      | Found a runed translucent gate.
 11557 | D:8      | Found a runed translucent gate.
 11607 | D:8      | Noticed HawFromDerth's ghost (novice DEIE)
 11858 | D:8      | Reached **** piety under Okawaru
 11928 | D:8      | Found a roughly hewn altar of Beogh.
 12560 | D:9      | Identified 2 scrolls of acquirement
 12560 | D:9      | Acquired 990 gold pieces
 12768 | D:9      | Reached skill level 1 in Shields
 12910 | D:9      | Noticed Grum
 12927 | D:9      | Killed Grum
 13366 | D:9      | Found a sparkling altar of Nemelex Xobeh.
 13377 | D:9      | Found a bloodstained altar of Trog.
 13418 | D:9      | Noticed Maurice
 13428 | D:9      | Killed Maurice
 13832 | D:9      | Reached skill level 10 in Fighting
 13892 | D:9      | Reached XP level 11. HP: 93/99 MP: 11/17
 14087 | D:10     | Entered Level 10 of the Dungeon
 14087 | D:10     | Noticed Sonja
 14411 | D:10     | Noticed Nergalle
 14427 | D:10     | Noticed a spectral orc warlord
 14429 | D:10     | HP: 2/99 [spectral orc knight/+3 halberd of venom[Nergalle]
                  | (6)]
 14429 | D:10     | Slain by a spectral orc knight

Illustrated notes

Levels and vault maps discovered:
D:1:      lemuel_arrival_hallway, layout_basic
D:2:      layout_loops_ring
D:3:      layout_basic, uniq_jessica
D:4:      layout_gridville, serial_shops, shop_fountains, uniq_ijyb
D:5:      layout_basic, chequers_temple_overflow_minitemple, kennysheep_mini,
          gammafunk_temple_overflow_statue, first_ration,
          kennysheep_generic_room_16
D:6:      layout_basic, minmay_temple_entry_fiery, hangedman_minor_gate_pass,
          uniq_sigmund
D:7:      layout_loops_corners, yredelemnul_altar_generic, serial_shops, shop,
          kennysheep_little_box, nicolae_shop_crystal, shop_fountains, shop,
          gammafunk_ghost_abyssal_escape, makhleb_heckhound_becter,
          uniq_prince_ribbit1, uniq_pikel, uniq_menkaure
D:8:      layout_rooms, gammafunk_ghost_icy, serial_shops, shop, special_room
          [special_room_orc], enter_bailey_6, kennysheep_generic_room_2
D:9:      layout_loops_corners, amethyst_overflow_temple_binary,
          grunt_livestock, uniq_maurice, uniq_grum
D:10:     layout_small_grid, minmay_orc_entry_temple_small, serial_shops,
          kennysheep_mini_moat, elyvilon_altar_5, uniq_psyche, uniq_nergalle,
          uniq_sonja
Temple:   nicolae_temple_x_marks_the_god

Skill      XL: |  1  2  3  4  5  6  7  8  9 10 11 |
---------------+----------------------------------+-----
Dodging        | 2 3 |  3.8
Fighting       | 2 3 4 6 7 10 | 10.1
Unarmed Combat | 4 5 6 8 10 | 10.0
Transmutations | 3 4 5 6 9 |  9.4
Spellcasting   | 3 4 |  4.0
Poison Magic   | 2 |  2.0
Ice Magic      | 3 |  3.0
Shields        | 2 3 |  3.1

Action                   |  1- 3 |  4- 6 |  7- 9 | 10-12 || total
-------------------------+-------+-------+-------+-------++-------
Melee: Unarmed           |    59 |       |   134 |   141 ||   334
       Kick              |    14 |    20 |     5 |     1 ||    40
       Headbutt          |     7 |     3 |     3 |       ||    13
       Short sword       |    83 |    42 |       |       ||   125
       Tailslap          |    15 |    21 |    15 |    16 ||    67
       Punch             |     2 |     4 |     3 |     8 ||    17
       Mace              |       |    64 |       |       ||    64
       Dagger            |       |    85 |   122 |    17 ||   224
       Spear             |       |       |       |    98 ||    98
 Fire: Hunting sling     |       |    52 |   158 |   115 ||   325
 Cast: Beastly Appendage |    32 |    19 |     8 |     4 ||    63
       Sticks to Snakes  |     3 |     3 |     2 |     8 ||    16
       Spider Form       |       |       |    20 |    14 ||    34
       Blade Hands       |       |       |       |     6 ||     6
       Ice Form          |       |       |       |     3 ||     3
 Abil: Breathe Fire      |       |       |       |     2 ||     2
       End Transformatio |       |       |       |     1 ||     1
  Use: Scroll            |       |    15 |     3 |     3 ||    21
       Potion            |       |     1 |     1 |     3 ||     5
 Stab: Distracted        |     1 |       |       |       ||     1
       Sleeping          |       |     2 |     1 |     3 ||     6
  Eat: Chunk             |     5 |     7 |    18 |    16 ||    46
       Ration            |       |     1 |       |     1 ||     2
Armor: Skin              |    32 |    51 |    32 |    43 ||   158
Dodge: Dodged            |    86 |   149 |   260 |   170 ||   665
Block: Kite shield       |       |       |       |     3 ||     3
